 Dungeon Crawl Stone Soup version 0.29-a0-284-gf9362112df (webtiles) character file.

Game seed: 17948573336820641331

61 enile the Skirmisher (level 4, -1/41 HPs)
             Began as a Gnoll Wanderer on Mar 20, 2022.
             Was an Initiate of Gozag.
             Blown up by Ijyb (21 damage)
             ... with a mindburst bolt
             ... on level 4 of the Dungeon.
             The game lasted 00:01:28 (1631 turns).

enile the Skirmisher (Gnoll Wanderer)               Turns: 1631, Time: 00:01:28

Health: -1/41      AC:  3    Str: 16    XL:     4   Next: 7%
Magic:  8/8        EV: 27    Int:  9    God:    Gozag
Gold:   198        SH:  0    Dex: 11    Spells: 7/8 levels left

rFire   . . .      SeeInvis .   a - +3 short sword
rCold   . . .      Faith    .   (no shield)
rNeg    + . .      Spirit   .   c - +0 leather armour
rPois   .          Reflect  .   (no helmet)
rElec   .          Harm     .   (no cloak)
rCorr   .          Rampage  .   (no gloves)
Will    .....                   (no boots)
Stlth   +.........              i - amulet "Nuod Suw" {Acrobat rN+}
HPRegen 0.13/turn               (no ring)
MPRegen 0.11/turn               (no ring)

@: acrobatic
A: fangs 1, strong nose, distributed training
a: Renounce Religion, Potion Petition, Call Merchant, Bribe Branch


You were on level 4 of the Dungeon.
You worshipped Gozag.
Gozag was aware of your devotion.
You visited 1 branch of the dungeon, and saw 3 of its levels.

You collected 198 gold pieces.

Inventory:

Hand Weapons
 a - a +3 short sword (weapon)
Armour
 c - a +0 leather armour (worn)
Jewellery
 i - the amulet "Nuod Suw" (around neck) {Acrobat rN+}
   (You found it on level 2 of the Dungeon)

   [amulet of the acrobat]

   It increases your evasion while moving and waiting.
   rN:        It protects you from negative energy.
Scrolls
 b - a scroll of teleportation
 d - a scroll of immolation {unknown}
 e - a scroll of holy word {unknown}
 g - a scroll of fog {unknown}
 j - a scroll of magic mapping {unknown}
Potions
 f - a potion of attraction {unknown}
 h - a potion of curing {unknown}


   Skills:
 + Level 6.5 Fighting
 + Level 4.6 Short Blades
 + Level 1.0 Long Blades
 + Level 1.0 Axes
 + Level 1.0 Maces & Flails
 + Level 1.0 Polearms
 + Level 1.0 Staves
 + Level 1.0 Slings
 + Level 1.0 Bows
 + Level 1.0 Crossbows
 + Level 1.0 Throwing
 + Level 2.7 Armour
 + Level 2.7 Dodging
 + Level 1.0 Stealth
 + Level 1.0 Shields
 + Level 1.0 Unarmed Combat
 + Level 2.9 Spellcasting
 + Level 0.7 Conjurations
 + Level 0.7 Hexes
 + Level 0.7 Summonings
 + Level 0.7 Necromancy
 + Level 3.8 Translocations
 + Level 0.7 Transmutations
 + Level 0.7 Fire Magic
 + Level 0.7 Ice Magic
 + Level 0.7 Air Magic
 + Level 0.7 Earth Magic
 + Level 0.7 Poison Magic
 + Level 1.1 Invocations
 + Level 1.0 Evocations


You had 7 spell levels left.
You knew the following spells:

 Your Spells              Type           Power      Damage    Failure   Level
a - Apportation           Tloc           16%        N/A       8%          1

Your spell library contained the following spells:

 Spells                   Type           Power      Damage    Failure   Level
 Lesser Beckoning         Tloc           8%         N/A       22%         3


Dungeon Overview and Level Annotations

Branches:
Dungeon (2/15)

Altars:
Cheibriados
Gozag

Annotations:
D:4 Ijyb


Innate Abilities, Weirdness & Mutations

You have very sharp teeth.
Your uncanny sense of smell can sniff out nearby items.
Your experience applies equally to all skills.


Message History

A kobold is nearby!
A kobold is nearby!
A kobold is nearby!
The kobold hits you with a +0 whip.
You hit the kobold.
You kill the kobold!
No target in view!
No target in view!
No target in view!
No target in view!
No target in view!
No target in view!
No target in view!
You now have 152 gold pieces (gained 20).
You see here a +0 whip.
You now have 168 gold pieces (gained 16).
Things that are here:
a +0 whip; a +0 club; a +0 whip
Found 10 stones.
Found an escape hatch in the floor.
No target in view!
You now have 185 gold pieces (gained 17).
Found a stone staircase leading down.
There is a stone staircase leading down here.
You open the door.
There is an open door here.
A sourceless malevolence fills the Dungeon...
You fall into a shaft and drop 2 floors!
The shaft crumbles and collapses.
Found 13 gold pieces.
A phantom comes into view.
The phantom moves out of view.
You now have 198 gold pieces (gained 13).
A phantom is nearby!
Ijyb the Twisted Goblin comes into view.
She is wielding a +0 dagger and carrying a wand of mindburst (22).
Ijyb zaps a wand.
Your mind is blasted!
Ouch! That really hurt!
Ijyb zaps a wand.
Your mind is blasted!
Ouch! That really hurt!
You die...

..............###
................#
............##..##
..g..........#...##
..............#...######
..............#....#....
........................
.......@......W.........
................##......
.................##...#.
..................#...##
..................#....#
...................#...#
...................#....
..................##....
....# ##...


You could see a phantom and Ijyb.

Vanquished Creatures
  3 gnolls (D:2)
  5 endoplasms
  3 goblins
  4 hobgoblins
  4 jackals (D:1)
  2 kobolds
  A ball python (D:1)
  4 bats
  5 frilled lizards
  A rat (D:1)
  A spectral hobgoblin (D:1)
33 creatures vanquished.

Notes
Turn   | Place    | Note
-------+----------+-------------------------------------------
     0 | D:1      | enile the Gnoll Wanderer began the quest for the Orb.
     0 | D:1      | enile set off with the following items: a +3 short sword, a
                  | scroll of teleportation, a +0 leather armour; and the
                  | following spell memorised: Apportation; and the following
                  | spells available to memorise: Lesser Beckoning
     0 | D:1      | Reached XP level 1. HP: 23/23 MP: 4/4
   293 | D:1      | Reached XP level 2. HP: 26/29 MP: 5/5
   580 | D:1      | Found a faded altar of an unknown god.
   902 | D:1      | Prayed at the altar of an unknown god.
   902 | D:1      | Became a worshipper of Gozag Ym Sagoz the Greedy
   942 | D:2      | Reached XP level 3. HP: 35/35 MP: 7/7
  1003 | D:2      | Identified the amulet "Nuod Suw" {Acrobat rN+}
  1201 | D:2      | Found a snail-covered altar of Cheibriados.
  1321 | D:2      | Reached skill level 1 in Invocations
  1325 | D:2      | Reached skill level 1 in Long Blades
  1325 | D:2      | Reached skill level 1 in Axes
  1325 | D:2      | Reached skill level 1 in Maces & Flails
  1325 | D:2      | Reached skill level 1 in Polearms
  1325 | D:2      | Reached skill level 1 in Staves
  1325 | D:2      | Reached skill level 1 in Slings
  1325 | D:2      | Reached skill level 1 in Bows
  1325 | D:2      | Reached skill level 1 in Crossbows
  1325 | D:2      | Reached skill level 1 in Throwing
  1325 | D:2      | Reached skill level 1 in Stealth
  1325 | D:2      | Reached skill level 1 in Shields
  1325 | D:2      | Reached skill level 1 in Unarmed Combat
  1325 | D:2      | Reached skill level 1 in Evocations
  1329 | D:2      | Reached XP level 4. HP: 18/41 MP: 8/8
  1609 | D:2      | You fall into a shaft and drop 2 floors!
  1615 | D:4      | Noticed a phantom
  1629 | D:4      | Noticed Ijyb
  1631 | D:4      | Blown up by Ijyb

Illustrated notes

Levels and vault maps discovered:
D:1:      dpeg_arrival_boxes_within_box, layout_basic,
          dreamdust_ecumenical_altar_drowned_temple
D:2:      layout_basic, basic_altar, kennysheep_generic_room_4
D:4:      layout_layer_cave, uniq_ijyb

Skill      XL: |  1  2  3 |
---------------+----------+-----
Invocations    | 1 |  1.1
Long Blades    | 1 |  1.0
Axes           | 1 |  1.0
Maces & Flails | 1 |  1.0
Polearms       | 1 |  1.0
Staves         | 1 |  1.0
Slings         | 1 |  1.0
Bows           | 1 |  1.0
Crossbows      | 1 |  1.0
Throwing       | 1 |  1.0
Stealth        | 1 |  1.0
Shields        | 1 |  1.0
Unarmed Combat | 1 |  1.0
Evocations     | 1 |  1.0
Fighting       | |  6.5
Short Blades   | |  4.6
Armour         | |  2.7
Dodging        | |  2.7
Spellcasting   | |  2.9
Conjurations   | |  0.7
Hexes          | |  0.7
Summonings     | |  0.7
Necromancy     | |  0.7
Translocations | |  3.8
Transmutations | |  0.7
Fire Magic     | |  0.7
Ice Magic      | |  0.7
Air Magic      | |  0.7
Earth Magic    | |  0.7
Poison Magic   | |  0.7

Action                   |  1- 3 |  4- 6 || total
-------------------------+-------+-------++-------
Melee: Short sword       |    93 |     1 ||    94
       Bite              |     9 |       ||     9
Armor: Leather armour    |    19 |       ||    19
Dodge: Dodged            |    63 |       ||    63

Table legend: (Time is in decaauts)
 A = Elapsed time spent in this place.
 B = Non-inter-level travel time spent in this place.
 C = Inter-level travel time spent in this place.
 D = Time resting spent in this place.
 E = Time spent auto-exploring this place.
 F = Levels seen in this place.
 G = Mean time per level.
                   A        B        C        D        E       F      G
               +--------+--------+--------+--------+--------+-----+--------+
         Total |   1627 |   1551 |     76 |      0 |   1332 |   3 |  542.3 |
       Dungeon |   1627 |   1551 |     76 |      0 |   1332 |   3 |  542.3 |
               +--------+--------+--------+--------+--------+-----+--------+

Top non-repeatable levels by time:
     D:1: 942 daAuts
     D:2: 663 daAuts
     D:4: 21 daAuts
